 Dungeon Crawl Stone Soup version 0.31-a0-965-g8a8ce12e04 (webtiles) character file.

Game seed: 2437174438042932385

99 Gladio the Ruffian (level 4, -4/34 HPs)
             Began as a Barachi Shapeshifter on Oct 26, 2023.
             Killed by divine providence
             ... invoked by an orc priest
              (13 damage)
             ... on level 3 of the Dungeon.
             The game lasted 00:02:25 (1487 turns).

Gladio the Ruffian (Barachi Shapeshifter)           Turns: 1487, Time: 00:02:25

Health: -4/34      AC:  3    Str: 15    XL:     4   Next: 72%
Magic:  4/4        EV: 12    Int: 10    God:
Gold:   114        SH:  0    Dex: 14    Spells: 3/3 levels left

rFire   . .          .
                       - Unarmed
rCold   . . .        (no shield)
rNeg    . . .        k - +0 leather armour
rPois   .            (helmet currently unavailable)
rElec   .            (cloak currently unavailable)
rCorr   .            (gloves currently unavailable)
SInv    .            (boots currently unavailable)
Will    .....        (no amulet)
Stlth   +            (no ring)
HPRegen 0.25/turn    (no ring)
MPRegen 0.09/turn

%: no passive effects
@: about to teleport, beast-form, slow
A: beast (slay +2), amphibious, slowness 1, strong legs 1, +LOS
a: Hop, Begin Untransformation


You were on level 3 of the Dungeon.
You were a hulking beast.
You visited 1 branch of the dungeon, and saw 3 of its levels.

You collected 114 gold pieces.

Inventory:

Missiles
 n - 2 poisoned darts
Armour
 a - a +0 animal skin
 k - a +0 leather armour (worn)
Talismans
 c - a beast talisman
 d - a flux talisman
 i - a maw talisman
Scrolls
 b - a scroll of identify {unknown}
 f - a scroll of amnesia {unknown}
 h - a scroll of poison
 m - a scroll of torment {unknown}
Potions
 g - a potion of curing {unknown}
 j - a potion of mutation {unknown}
 l - a potion of brilliance {unknown}


   Skills:
 + Level 2.5 Fighting
 - Level 0.8 Armour
 + Level 2.8 Dodging
 * Level 4.4 Unarmed Combat
 + Level 3.8 Shapeshifting


You had 3 spell levels left.
You didn't know any spells.
Your spell library contained the following spells:

 Spells                   Type           Power      Damage    Failure   Level
 Sandblast                Erth           0%         2d4       43%         1
 Passwall                 Tmut/Erth      0%         N/A       56%         2
 Wereblood                Tmut           0%         N/A       56%         2
 Stone Arrow              Conj/Erth      0%         3d7       80%         3
 Brom's Barrelling Bould  Conj/Erth      0%         2d3       99%         4
 Irradiate                Conj/Tmut      0%         3d11      100%        5


Dungeon Overview and Level Annotations

Branches:
Dungeon (3/15)

Altars:


Innate Abilities, Weirdness & Mutations

You are a hulking beast.
Your limbs bulge with bestial killing power. (Slay +2)
You are amphibious.
You cover ground slowly.
You can hop short distances.
You have an extended range of vision and can be seen from far away.


Message History

No target in view!
No target in view!
No target in view!
No target in view!
No target in view!
No target in view!
No target in view!
No target in view!
No target in view!
No target in view!
No target in view!
No target in view!
No target in view!
No target in view!
No target in view!
The air fills with toxic fumes!
As you read the scroll labelled SULAINNERATH, it crumbles to dust.
It was a scroll of poison.
As you read the scroll labelled ATANAU AMUIWN, it crumbles to dust.
You feel strangely unstable.
It was a scroll of teleportation.
Unknown command.
Partly explored, can't reach some items and places.
You start waiting.
Your surroundings suddenly seem different.
The orc priest shouts!
The hound barks!
Unknown command.
As you read the scroll of teleportation, it crumbles to dust.
You feel strangely unstable.
The orc priest shouts!
The orc priest invokes the aid of Beogh against you.
Beogh smites you!
The orc hits you from afar with a +0 trident!
The orc hits you from afar with a +0 trident.
* * * LOW HITPOINT WARNING * * *
The hound bites you but does no damage. The hound closely misses you.
The orc misses you.
The orc priest looks braver for a moment.
The orc priest invokes the aid of Beogh against you.
Beogh smites you!
You die...

... .#. .. .. ####. ......
######... ...#.... ........##
...... #.....o..## ####### ......
.....o<...# ##o.h..# .....
...o..o...# #..h....##.#..
...o..........o....†.#!#.#######.
...........#...☼§°§..#.#.........
........(.##....§§§..#.#<.#######
....h.....o...o..☼☼§.○§..........
..........##......§°.°§#.########
................o..§○#§........
..........##........○#.....###.


You could see a hound, 3 orc priests and 2 orcs.

Vanquished Creatures
  A phantom (D:2)
  A worm (D:2)
  3 ball pythons
  3 endoplasms
  4 giant cockroaches
  2 hobgoblins
  A bat (D:1)
  3 frilled lizards
  A goblin (D:3)
  3 kobolds (D:1)
22 creatures vanquished.

Notes
Turn   | Place    | Note
-------+----------+-------------------------------------------
     0 | D:1      | Gladio the Barachi Shapeshifter began the quest for the
                  | Orb.
     0 | D:1      | Reached XP level 1. HP: 15/15 MP: 1/1
    77 | D:1      | Found a faded altar of an unknown god.
   395 | D:1      | Reached XP level 2. HP: 18/21 MP: 2/2
  1000 | D:2      | Noticed a phantom
  1010 | D:2      | Killed a phantom
  1011 | D:2      | Reached skill level 4 in Unarmed Combat
  1011 | D:2      | Reached XP level 3. HP: 12/28 MP: 3/3
  1011 | D:2      | Reached XP level 4. HP: 15/34 MP: 4/4
  1487 | D:3      | Killed from afar by an orc priest

Illustrated notes

Levels and vault maps discovered:
D:1:      minmay_arrival_open_corners, layout_basic,
          shapermc_ecumenical_altar_mp_ritualfount, patterned_corridor
D:2:      layout_rooms
D:3:      layout_rooms, nicolae_dithmenos_shadow_blocks,
          mainiacjoe_overflow_six_doors_small, minmay_pentomino_pile

Skill      XL: |  1  2 |
---------------+-------+-----
Fighting       | 2 |  2.5
Unarmed Combat | 4 |  4.4
Armour         | |  0.8
Dodging        | |  2.8
Shapeshifting  | |  3.8

Action                     |  1- 3 |  4- 6 || total
---------------------------+-------+-------++-------
  Melee: Unarmed           |    47 |    19 ||    66
         Punch             |     1 |       ||     1
    Use: Potion            |     1 |       ||     1
         Scroll            |       |     3 ||     3
   Stab: Sleeping          |     1 |       ||     1
 Armour: Animal skin       |    23 |       ||    23
         Leather armour    |     4 |     8 ||    12
         Skin              |     3 |       ||     3
  Dodge: Dodged            |    24 |    11 ||    35

Table legend: (Time is in decaauts)
 A = Elapsed time spent in this place.
 B = Non-inter-level travel time spent in this place.
 C = Inter-level travel time spent in this place.
 D = Time resting spent in this place.
 E = Time spent auto-exploring this place.
 F = Levels seen in this place.
 G = Mean time per level.
                   A        B        C        D        E       F      G
               +--------+--------+--------+--------+--------+-----+--------+
         Total |   1705 |   1582 |    123 |    102 |   1277 |   3 |  568.3 |
       Dungeon |   1705 |   1582 |    123 |    102 |   1277 |   3 |  568.3 |
               +--------+--------+--------+--------+--------+-----+--------+

Top non-repeatable levels by time:
     D:1: 1039 daAuts
     D:2: 633 daAuts
     D:3: 32 daAuts
